 Dungeon Crawl Stone Soup version 0.26-a0-672-g1df16c3386 (webtiles) character file.

Game seed: 12236877520738541772

1328 marklar909 the Cudgeler (level 8, -10/64 HPs)
             Began as a Formicid Abyssal Knight on Oct 20, 2020.
             Was a Priest of Lugonu.
             Mangled by an orc warrior
             ... wielding a +0 halberd
              (22 damage)
             ... on level 7 of the Dungeon.
             The game lasted 00:10:21 (7987 turns).

marklar909 the Cudgeler (Formicid Abyssal Knight)   Turns: 7987, Time: 00:10:22

Health: -10/64     AC: 10    Str: 20    XL:     8   Next: 91%
Magic:  12/12      EV: 11    Int: 11    God:    Lugonu [***...]
Gold:   155        SH:  3    Dex: 10    Spells: 7/7 levels left

rFire    . . .     SeeInvis +   a - +1 mace
rCold    . . .     Faith    .   o - +0 buckler
rNeg     + . .     Spirit   .   d - +4 ring mail {rPois}
rPois    +         Reflect  .   (helmet unavailable)
rElec    .         Harm     .   (no cloak)
rCorr    .         Rampage  .   (no gloves)
MR       .....                  (no boots)
Stlth    +.........             g - amulet of the acrobat
HPRegen  0.20/turn              m - ring of positive energy
MPRegen  0.13/turn              (no ring)

@: no status effects
A: permanent stasis, dig shafts and tunnels, four strong arms, antennae 3
a: Dig, Shaft Self, Depart the Abyss, Bend Space, Banish, Renounce Religion


You were on level 7 of the Dungeon.
You worshipped Lugonu.
Lugonu was most pleased with you.
You visited 1 branch of the dungeon, and saw 7 of its levels.
You visited the Abyss 1 time.

You collected 249 gold pieces.
You spent 94 gold pieces at shops.

Inventory:

Hand Weapons
 a - a +1 mace (weapon)
Armour
 d - a +4 ring mail of poison resistance (worn)
 o - a +0 buckler (worn)
Jewellery
 g - an amulet of the acrobat (around neck)
 m - a ring of positive energy (left hand)
Wands
 p - a wand of enslavement (3)
Scrolls
 e - 2 scrolls of magic mapping
 i - 2 scrolls of identify
 j - 2 scrolls of remove curse
 k - a scroll of enchant armour
 l - a scroll of fear {unknown}
 s - a scroll of fog {unknown}
Potions
 b - a potion of might
 c - 2 potions of stabbing
 f - a potion of curing
 h - 2 potions of degeneration {unknown}
 n - a potion of mutation {unknown}
 q - 2 potions of flight {unknown}
 r - a potion of lignification {unknown}
 t - a potion of invisibility {unknown}


   Skills:
 + Level 5.8 Fighting
 + Level 6.3 Maces & Flails
 + Level 5.3 Armour
 + Level 2.4 Dodging
 + Level 0.5 Stealth
 + Level 1.0 Shields
 * Level 5.5 Invocations


You had 7 spell levels left.
You didn't know any spells.
Your spell library was empty.

Dungeon Overview and Level Annotations

Branches:
Dungeon (7/15)             Temple (0/1) D:6

Altars:

Shops:
D:6 *

Annotations:
D:4 3 runed translucent doors, Rennog's ghost, amateur HOMo
D:5 Pikel
Abyss:1 Ijyb


Innate Abilities, Weirdness & Mutations

You cannot be hasted, slowed, berserked, paralysed or teleported.
You can dig through walls and to a lower floor.
Your four strong arms can wield two-handed weapons with a shield.
You have a pair of large antennae on your head. (SInv)


Message History

The orc wizard completely misses you.
You barely miss the orc wizard.
The orc wizard is heavily wounded.
The orc wizard casts a spell at you.
Your stasis prevents you from being slowed.
The orc misses you.
You closely miss the orc wizard.
The orc wizard is heavily wounded.
The orc wizard closely misses you.
The orc wizard mumbles some strange words.
The orc wizard blinks!
The orc hits you but does no damage. The orc misses you.
There is a stone staircase leading down here.
The orc wizard casts a spell at you. The magic dart hits you.
The orc hits you but does no damage.
You climb downwards.
The orc warrior hits you with a +0 halberd!
* * * LOW HITPOINT WARNING * * *
The orc warrior hits you with a +0 halberd!!
You die...

### ..#
#.#
#)########
#.#.......
#@)...#
#oo.#.#
###.# #.#
... ...#
o....
oo[..#
o.o...#


You could see an orc warrior and an orc.

Vanquished Creatures
  2 steam dragons (D:5)
  A sky beast (D:6)
  An ice beast (D:5)
  A phantom (D:6)
  A lemure (D:5)
  A bullfrog (D:6)
  A scorpion (D:6)
  A howler monkey (D:6)
  2 orc priests
  Terence (D:2)
  3 iguanas
  5 orc wizards
  5 worker ants (D:6)
  A howler monkey skeleton (D:4)
  6 adders
  A river rat (D:4)
  A white imp (D:6)
  2 oozes
  An adder zombie (D:6)
  5 worms
  2 dart slugs (D:1)
  2 leopard geckos (D:2)
  19 orcs
  5 ball pythons
  8 giant cockroaches
  6 goblins
  11 hobgoblins
  10 jackals
  A quokka (D:5)
  A ball python skeleton (D:6)
  5 bats
  4 frilled lizards
  A jackal skeleton (D:4)
  2 kobolds
  A leopard gecko skeleton (D:6)
  8 rats
128 creatures vanquished.

Vanquished Creatures (others)
  5 fungi (D:5)
5 creatures vanquished.

Grand Total: 133 creatures vanquished

Notes
Turn   | Place    | Note
-------+----------+-------------------------------------------
     0 | Abyss:1  | marklar909 the Formicid Abyssal Knight began the quest for
                  | the Orb.
     0 | Abyss:1  | Reached XP level 1. HP: 18/18 MP: 2/2
     3 | Abyss:1  | Found a corrupted altar of Lugonu.
    65 | Abyss:2  | Noticed a large abomination
    71 | D:1      | Escaped the Abyss
   151 | D:1      | Reached XP level 2. HP: 13/24 MP: 3/3
   484 | D:1      | Reached ** piety under Lugonu
   484 | D:1      | Reached XP level 3. HP: 30/30 MP: 4/4
  1163 | D:2      | Noticed Terence
  1186 | D:2      | Killed Terence
  1186 | D:2      | Reached skill level 1 in Dodging
  1186 | D:2      | Reached XP level 4. HP: 36/37 MP: 4/6
  1245 | D:2      | Reached skill level 3 in Maces & Flails
  1479 | D:2      | Reached XP level 5. HP: 42/42 MP: 7/7
  2527 | D:3      | Reached *** piety under Lugonu
  2868 | D:3      | Reached XP level 6. HP: 12/48 MP: 8/8
  3188 | D:4      | Noticed Ijyb
  3190 | D:4      | Banished Ijyb
  3190 | D:4      | Reached skill level 4 in Maces & Flails
  3582 | D:4      | Found a runed translucent gate.
  3583 | D:4      | Found a runed translucent gate.
  3584 | D:4      | Found a runed translucent gate.
  3585 | D:4      | Noticed Rennog's ghost (amateur HOMo)
  4081 | D:5      | Entered Level 5 of the Dungeon
  4212 | D:5      | Noticed an ice beast
  4220 | D:5      | Killed an ice beast
  4220 | D:5      | Reached XP level 7. HP: 32/55 MP: 9/9
  4397 | D:5      | Noticed a steam dragon
  4398 | D:5      | Noticed a steam dragon
  4428 | D:5      | Killed a steam dragon
  4440 | D:5      | Killed a steam dragon
  4440 | D:5      | Reached skill level 5 in Fighting
  4946 | D:5      | Reached skill level 5 in Maces & Flails
  5371 | D:6      | Reached XP level 8. HP: 54/62 MP: 11/11
  5739 | D:6      | Reached skill level 5 in Invocations
  5906 | D:6      | Found Yghar's Assorted Antiques.
  5913 | D:6      | Bought a blue potion for 22 gold pieces
  5913 | D:6      | Bought a scroll labeled SIBLUN DUELIAH for 25 gold pieces
  5913 | D:6      | Bought a scroll labeled QASOHA FA PIKK for 25 gold pieces
  5913 | D:6      | Bought a metallic green potion for 22 gold pieces
  6078 | D:6      | Reached skill level 5 in Armour
  6232 | D:6      | Reached skill level 6 in Maces & Flails
  6232 | D:6      | Reached skill level 1 in Shields
  6418 | D:6      | Found a staircase to the Ecumenical Temple.
  6418 | D:6      | Noticed Pikel
  7987 | D:7      | Mangled by an orc warrior

Illustrated notes

Levels and vault maps discovered:
D:1:      dpeg_arrival_prison, layout_basic
D:2:      layout_basic, uniq_terence
D:3:      layout_rooms
D:4:      layout_cave_pools, gammafunk_ghost_split, portal_sewer_entry_e,
          uniq_ijyb
D:5:      kennysheep_steamy, layout_basic
D:6:      layout_cave_pods, minmay_temple_entry_waves, serial_shops, shop,
          uniq_pikel
D:7:      layout_basic, lightli_church_of_beogh, uniq_joseph, uniq_duvessa

Skill      XL: |  1  2  3  4  5  6  7  8 |
---------------+-------------------------+-----
Fighting       | 4 5 |  5.8
Dodging        | 1 2 |  2.4
Maces & Flails | 3 4 5 6 |  6.3
Armour         | 3 4 5 |  5.3
Invocations    | 3 4 5 |  5.5
Shields        | 1 |  1.0
Stealth        | |  0.5

Action                   |  1- 3 |  4- 6 |  7- 9 || total
-------------------------+-------+-------+-------++-------
Melee: Mace              |   102 |   246 |   279 ||   627
Invok: Banish            |       |     1 |       ||     1
 Abil: Dig               |     1 |       |     3 ||     4
Evoke: Wand              |       |       |     2 ||     2
  Use: Scroll            |     3 |     8 |       ||    11
       Potion            |       |     1 |     5 ||     6
Armor: Leather armour    |     2 |       |       ||     2
       Ring mail         |    55 |   124 |   118 ||   297
Dodge: Dodged            |    91 |   161 |   150 ||   402
Block: Buckler           |       |     3 |    38 ||    41

Table legend: (Time is in decaauts)
 A = Elapsed time spent in this place.
 B = Non-inter-level travel time spent in this place.
 C = Inter-level travel time spent in this place.
 D = Time resting spent in this place.
 E = Time spent auto-exploring this place.
 F = Levels seen in this place.
 G = Mean time per level.
                   A        B        C        D        E       F      G
               +--------+--------+--------+--------+--------+-----+--------+
         Total |   8120 |   7709 |    411 |    965 |   5304 |   9 |  902.2 |
       Dungeon |   8049 |   7638 |    411 |    965 |   5302 |   7 | 1149.9 |
         Abyss |     71 |     71 |      0 |      0 |      2 |   2 |   35.5 |
               +--------+--------+--------+--------+--------+-----+--------+

Top non-repeatable levels by time:
     D:6: 1826 daAuts
     D:5: 1688 daAuts
     D:2: 1408 daAuts
     D:4: 1330 daAuts
     D:1: 1073 daAuts
     D:3: 694 daAuts
 Abyss:2: 38 daAuts
 Abyss:1: 33 daAuts
     D:7: 28 daAuts
